 Dungeon Crawl Stone Soup version 0.17.2-1-ge4368a0 (webtiles) character file.

378 tidbits the Insei (level 6, -2/46 HPs)
             Began as a Demigod Transmuter on Sept 21, 2017.
             Slain by Menkaure (12 damage)
             ... in an ossuary.
             The game lasted 00:10:50 (1335 turns).

tidbits the Insei (Demigod Transmuter)              Turns: 1335, Time: 00:10:51

Health: -2/46      AC:  2    Str: 13    XL:     6   Next: 20%
Magic:  3/12       EV: 21    Int: 21    God:
Gold:   112        SH:  0    Dex: 21    Spells: 3 memorised, 3 levels left

rFire  . . .     SeeInvis .       - Unarmed
rCold  . . .     Clarity  .     (armour currently unavailable)
rNeg   . . .     SustAt   +     (shield currently unavailable)
rPois  x         Gourm    .     (helmet currently unavailable)
rElec  .         Spirit   .     (cloak currently unavailable)
rCorr  .         Warding  .     (gloves currently unavailable)
rMut   .         Stasis   .     (boots currently unavailable)
MR     .....                    R - amulet of regeneration
Stlth  ++........               (no ring)
                                V - +1 ring of evasion

@: spider-form, flying, not resistant to hostile enchantments, unstealthy
A: high mp 1, sustain attributes
a: End Transformation


You were in an ossuary.
You were not hungry.
You were a venomous arachnid creature.
You visited 1 branch of the dungeon, and saw 5 of its levels.
You also visited: Ossuary.

You collected 112 gold pieces.

Inventory:

Hand Weapons
 g - a +0 blowgun
   (You took it off a kobold on level 3 of the Dungeon)
 h - a +2 vampiric hand axe
   (You found it on level 2 of the Dungeon)
 l - a +0 whip of venom
   (You took it off a kobold on level 3 of the Dungeon)
Missiles
 a - 22 arrows
 j - 2 poisoned needles
 m - a throwing net (quivered) {!f}
Armour
 b - a +0 robe (melded)
Jewellery
 R - an amulet of regeneration (around neck)
   (You found it on level 2 of the Dungeon)
 V - a +1 ring of evasion (left front leg)
   (You found it on level 4 of the Dungeon)
Scrolls
 i - 3 scrolls of remove curse
 k - a scroll of enchant weapon {unknown}
 p - a scroll of amnesia {unknown}
 q - a scroll of identify {unknown}
 r - a scroll of teleportation {unknown}
Books
 c - a book of Changes

   Spells                             Type                      Level
   a - Beastly Appendage              Transmutation                1
   b - Sticks to Snakes               Transmutation                2
   c - Spider Form                    Transmutation/Poison         3
   d - Ice Form                       Ice/Transmutation            4
   e - Blade Hands                    Transmutation                5
Comestibles
 d - 3 bread rations


   Skills:
 + Level 0.8 Fighting
 + Level 1.8 Dodging
 * Level 5.5 Unarmed Combat
 - Level 2.0 Spellcasting
 + Level 3.8 Transmutations


You had 3 spell levels left.
You knew the following spells:

 Your Spells              Type           Power        Failure   Level  Hunger
e - Beastly Appendage     Trmt           ###...       12%         1    #......
k - Sticks to Snakes      Trmt           ###.......   17%         2    ##.....
p - Spider Form           Trmt/Pois      ##........   45%         3    ###....


Dungeon Overview and Level Annotations

Branches:
Dungeon (5/15)
 Temple: D:4-7

Annotations:
Ossuary Menkaure


Innate Abilities, Weirdness & Mutations

You have an increased reservoir of magic (+10% MP).
Your attributes are resistant to harm.


Message History

You bite the kobold zombie!
You destroy the kobold zombie!
You hit the gnoll skeleton. The gnoll skeleton barely misses you.
An arrow hits the mummy!
You hit the gnoll skeleton. You bite the gnoll skeleton!
You destroy the gnoll skeleton!
An arrow hits the goblin zombie!
You hit the mummy but do no damage.
The mummy is heavily damaged.
You hit the mummy but do no damage.
The mummy is heavily damaged.
The mummy hits you!
You bite the mummy!
You destroy the mummy!
You hit the goblin zombie.
You destroy the goblin zombie!
Your transformation is almost over.
A gnoll skeleton comes into view.
Your magical contamination has completely faded away.
Your transformation has ended.
Your +0 robe unmelds from your body.
Casting: Spider Form
Confirm with . or Enter, or press ? or * to list all spells.
You miscast Spider Form.
You are very lightly contaminated with residual magic.
You feel sick.
Casting: Spider Form
Confirm with . or Enter, or press ? or * to list all spells.
You turn into a venomous arachnid creature.
Your +0 robe melds into your body.
The gnoll skeleton hits you but does no damage.
You bite the gnoll skeleton!
You destroy the gnoll skeleton!
Your transformation is almost over.
A rat zombie comes into view.
A rat skeleton comes into view.
You hit the rat zombie. The rat zombie completely misses you.
You hit the rat zombie.
You destroy the rat zombie!
Your transformation has ended.
Your +0 robe unmelds from your body.
The rat skeleton bites you but does no damage.
You punch the rat skeleton!
You destroy the rat skeleton!
Your magical contamination has completely faded away. 2 mummies come into view.
Found eleven items.
Found two gates leading back out of this place.
There is a large open door here.
Casting: Spider Form
Confirm with . or Enter, or press ? or * to list all spells.
You create a snake!
Menkaure, Prince of Dust comes into view.
What do you say? t - Shout!
Orders for allies: a - Attack new target. r - Retreat! s - Stop attacking. w - Wait here. f - Follow me.
Anything else - Stay silent.
You shout for attention!
You hear a shout!
What do you say? t - Shout!
Orders for allies: a - Attack new target. r - Retreat! s - Stop attacking. w - Wait here. f - Follow me.
Anything else - Stay silent.
You shout for attention!
Drink which item? (? for menu, Esc to quit)
Okay, then.
Menkaure shouts!
Menkaure gestures wildly while chanting.
Menkaure seems to speed up.
There is a large open door here.
Casting: Sticks to Snakes
Confirm with . or Enter, or press ? or * to list all spells.
You create a snake!
Casting: Sticks to Snakes
Confirm with . or Enter, or press ? or * to list all spells.
You turn into a venomous arachnid creature.
Your +0 robe melds into your body.
You hit Menkaure.
Menkaure is lightly damaged.
Your ball python barely misses Menkaure.
Your ball python closely misses Menkaure.
Menkaure calls on the powers of darkness!
Your body is wracked with pain!
Unknown command.
You bite Menkaure!
Menkaure is heavily damaged.
Your ball python bites Menkaure.
Your ball python grabs Menkaure.
Your ball python constricts Menkaure.
Menkaure hits you!
* * * LOW HITPOINT WARNING * * *
Drink which item? (? for menu, Esc to quit)
It was a potion of flight.
You feel very buoyant.
You fly up into the air.
Your ball python bites Menkaure but does no damage.
Your ball python constricts Menkaure.
Menkaure hits you!
You die...

.##..##..####..##..##..##
##..##..##!?##..##..##..##
#..##..##?M!!##..##^.##..##
..##..## .!?.!##..##..##..##
.##..## ?∩∩!..##..##..##..##
##..## .!.....##..##..##..##
#..## .M....M.##..##..##..##
..##############M'##..##..##..##
...............Ss..##..##..##..##
######################..##..##..#
......................^..##..##.^
############################..##.
^.....................^...^....##
#################################


You could see Menkaure, a mummy and a friendly ball python.

Vanquished Creatures
  An ice beast (D:5)
  A scorpion (D:5)
  A human zombie (D:4)
  2 hounds (D:4)
  2 human skeletons (D:4)
  A worker ant (D:4)
  A mummy (Ossuary)
  An adder (D:2)
  An adder skeleton (D:4)
  3 orcs (D:4)
  A giant cockroach (D:2)
  A gnoll zombie (Ossuary)
  2 goblins
  2 hobgoblins (D:2)
  3 bats
  A giant gecko skeleton (D:4)
  11 gnoll skeletons (Ossuary)
  A goblin skeleton (Ossuary)
  A goblin zombie (Ossuary)
  A hobgoblin skeleton (Ossuary)
  4 hobgoblin zombies (Ossuary)
  A jackal skeleton (D:4)
  2 kobolds
  2 kobold skeletons (Ossuary)
  2 kobold zombies (Ossuary)
  2 orc skeletons (Ossuary)
  3 orc zombies (Ossuary)
  2 rats (D:1)
  2 rat skeletons (Ossuary)
  4 rat zombies (Ossuary)
62 creatures vanquished.

Vanquished Creatures (collateral kills)
  An orc priest (D:4)
  An adder (D:3)
  An orc (D:4)
  A ball python (D:5)
  2 jackals (D:4)
  A kobold (D:3)
7 creatures vanquished.

Vanquished Creatures (others)
  A gnoll skeleton (Ossuary)
  2 goblin skeletons (Ossuary)
  3 hobgoblin zombies (Ossuary)
  A kobold skeleton (Ossuary)
  An orc skeleton (Ossuary)
  4 orc zombies (Ossuary)
  A rat skeleton (Ossuary)
  3 rat zombies (Ossuary)
16 creatures vanquished.

Grand Total: 85 creatures vanquished

Notes
Turn   | Place    | Note
--------------------------------------------------------------
     0 | D:1      | tidbits the Demigod Transmuter began the quest for the Orb.
     0 | D:1      | Reached XP level 1. HP: 15/15 MP: 5/5
   124 | D:1      | Reached skill level 2 in Transmutations
   170 | D:2      | Reached skill level 2 in Spellcasting
   264 | D:2      | Reached skill level 3 in Unarmed Combat
   264 | D:2      | Reached XP level 2. HP: 20/22 MP: 5/7
   268 | D:2      | Learned a level 2 spell: Sticks to Snakes
   527 | D:4      | Reached XP level 3. HP: 15/27 MP: 0/8
   622 | D:4      | Learned a level 3 spell: Spider Form
   634 | D:4      | Reached XP level 4. HP: 31/34 MP: 5/9
   705 | D:5      | Entered Level 5 of the Dungeon
   710 | D:5      | Reached skill level 4 in Unarmed Combat
   710 | D:5      | Reached skill level 3 in Transmutations
   711 | D:5      | Found a deep blue altar of Sif Muna.
   728 | D:5      | Noticed an ice beast
   752 | D:5      | Killed an ice beast
   752 | D:5      | Reached XP level 5. HP: 39/39 MP: 2/10
   767 | D:4      | Reached skill level 5 in Unarmed Combat
   925 | D:4      | Reached XP level 6. HP: 20/46 MP: 1/12
   931 | D:4      | Found a sand-covered staircase.
   949 | Ossuary  | Entered an ossuary
  1293 | Ossuary  | Noticed Menkaure
  1335 | Ossuary  | Slain by Menkaure

Action                   |  1- 3 |  4- 6 || total
-------------------------+-------+-------++-------
Melee: Unarmed           |    49 |   109 ||   158
       Whip              |    21 |    28 ||    49
Throw: Throwing net      |       |     1 ||     1
 Cast: Beastly Appendage |    16 |     2 ||    18
       Sticks to Snakes  |     4 |    10 ||    14
       Spider Form       |     1 |    12 ||    13
  Use: Scroll            |       |     1 ||     1
       Potion            |       |     3 ||     3
 Stab: Sleeping          |     1 |     2 ||     3
       Distracted        |     2 |       ||     2
       Invisible         |       |     3 ||     3
  Eat: Chunk             |       |     3 ||     3
       Meat ration       |       |     1 ||     1

Table legend:
 A = Turns spent in this place as a percentage of turns spent in the entire game.
 B = Non-inter-level travel turns spent in this place as a percentage of non-inter-level travel turns spent in the entire game.
 C = Inter-level travel turns spent in this place as a percentage of turns spent in this place.
 D = Turns resting spent in this place as a percentage of non-inter-level travel turns spent in this place.
 E = Turns spent auto-exploring this place as a percentage of non-inter-level travel turns spent in this place.
 F = Non-inter-level travel turns spent in this place divided by the number of levels of this place that you've seen.
                   A       B       C       D       E      F
               +-------+-------+-------+-------+-------+----------------------
         Total | 100.0 | 100.0 |   0.0 |   0.2 |   0.0 | 195.7
       Dungeon |  71.1 |  71.1 |   0.0 |   0.0 |   0.0 | 167.0
       Ossuary |  28.9 |  28.9 |   0.0 |   0.6 |   0.0 | 339.0
               +-------+-------+-------+-------+-------+----------------------

Table legend:
 A = Kills in this place as a percentage of kills in entire the game.
 B = Kills by you in this place as a percentage of kills by you in the entire game.
 C = Kills by friends in this place as a percentage of kills by friends in the entire game.
 D = Other kills in this place as a percentage of other kills in the entire game.
 E = Experience gained in this place as a percentage of experience gained in the entire game.
 F = Experience gained in this place divided by the number of levels of this place that you have seen.
                   A       B       C       D       E      F
               +-------+-------+-------+-------+-------+----------------------
         Total | 100.0 | 100.0 | 100.0 |  -nan | 100.0 |  90.0
       Dungeon |  55.7 |  50.0 | 100.0 |  -nan |  93.7 | 101.2
       Ossuary |  44.3 |  50.0 |   0.0 |  -nan |   6.3 |  34.0
               +-------+-------+-------+-------+-------+----------------------

Vault maps used:
D:1:      lightli_arrival_statuegarden, st_stairs_5, ashenzari_altar_1
D:2:      st_stairs_12, minmay_misc_feat_columns, uniq_crazy_yiuf_cottage
D:3:      gammafunk_temple_overflow_forgotten, roderic_hopi_sauvastika,
          minmay_close_crescents
D:4:      nicolae_dithmenos_the_darkroom, first_bread,
          nicolae_ossuary_entry_catacombs
D:5:      lemuel_crystal_altar, kennysheep_generic_room_6, uniq_grinder
Ossuary:  ossuary_due_pyramid
